 Dungeon Crawl Stone Soup version 0.28-a0-381-g937acc2988 (webtiles) character file.

Game seed: 2373121658851028431

19 dolemite99 the Chopper (level 2, 0/26 HPs)
             Began as a Hill Orc Abyssal Knight on Sept 2, 2021.
             Was a Follower of Lugonu.
             Succumbed to an adder's poison
             ... on level 2 of the Dungeon.
             The game lasted 00:01:21 (1552 turns).

dolemite99 the Chopper (Hill Orc Abyssal Knight)    Turns: 1552, Time: 00:01:21

Health: 0/26       AC: 10    Str: 14    XL:     2   Next: 75%
Magic:  12/12      EV:  6    Int: 12    God:    Lugonu [*.....]
Gold:   39         SH:  0    Dex: 10    Spells: 1/1 levels left

rFire   + . .      SeeInvis .   a - +1 hand axe
rCold   . . .      Faith    .   (no shield)
rNeg    . . .      Spirit   .   k - +2 chain mail {rF+}
rPois   .          Reflect  .   (no helmet)
rElec   .          Harm     .   (no cloak)
rCorr   .          Rampage  .   (no gloves)
Will    .....                   (no boots)
Stlth   ..........              (no amulet)
HPRegen 0.08/turn               e - ring of magical power
MPRegen 0.13/turn               (no ring)

@: lethally poisoned (0 -> -15), flying, hasted, very quick
A: no striking features
a: Renounce Religion, Depart the Abyss


You were on level 2 of the Dungeon.
You worshipped Lugonu.
Lugonu was aware of your devotion.
You visited 1 branch of the dungeon, and saw 2 of its levels.
You visited the Abyss 1 time.

You collected 39 gold pieces.

Inventory:

Hand Weapons
 a - a +1 hand axe (weapon)
Missiles
 i - 12 arrows
 l - 20 stones
Armour
 b - a +0 leather armour
 k - a +2 chain mail of fire resistance (worn)
Jewellery
 e - a ring of magical power (left hand)
Scrolls
 j - a scroll of vulnerability {unknown}
Potions
 d - a potion of haste
 f - a potion of lignification {unknown}
 g - a potion of attraction {unknown}
 h - a potion of resistance {unknown}


   Skills:
 - Level 3.6 Fighting
 + Level 4.3 Axes
 - Level 2.1 Armour
 - Level 0.7 Dodging
 - Level 2.4 Invocations


You had one spell level left.
You didn't know any spells.
Your spell library was empty.

Dungeon Overview and Level Annotations

Branches:
Dungeon (2/15)

Altars:


Message History

The adder bites you.
You closely miss the adder. The adder bites you but does no damage.
The adder barely misses you.
You barely miss the adder. The adder barely misses you.
The adder bites you but does no damage.
You closely miss the adder. The adder barely misses you.
The adder bites you but does no damage. The adder bites you.
You are poisoned.
The adder poisons you!
You hit the adder.
The adder is moderately wounded.
You feel sick. The adder completely misses you.
The adder bites you but does no damage.
You hit the adder.
The adder is severely wounded.
You feel sick. The adder bites you.
You are more poisoned.
The adder poisons you!
You are too injured to fight recklessly!
You hit the adder but do no damage.
The adder is severely wounded.
You feel sick. The adder bites you.
You are lethally poisoned!
The adder poisons you!
You closely miss the adder.
The adder is severely wounded.
You feel very sick. The adder bites you but does no damage.
The adder bites you.
You are more poisoned.
The adder poisons you!
It was a potion of haste.
You feel yourself speed up.
* * * LOW HITPOINT WARNING * * *
You feel very sick. The adder bites you.
* * * LOW HITPOINT WARNING * * *
It was a potion of flight.
You feel very buoyant.
You fly up into the air.
You die...

#.#..# #.#..## #
#.#... #.#.#..#
^##.#.#..# .
.P#.#...#
..##.#..S.#
.....#..@..#
#..##...#..#
#..........#
.#.......######
#####........#
### ###########.#
....
##+##.......#.#.#
....
#........##.#...#
....#
#........##.....#


You could see an adder.

Vanquished Creatures
  2 ball pythons
  3 bats (D:1)
  3 goblins (D:1)
  2 hobgoblins (D:1)
  A quokka (D:2)
  2 frilled lizards
  4 kobolds (D:1)
  2 rats (D:1)
19 creatures vanquished.

Notes
Turn   | Place    | Note
-------+----------+-------------------------------------------
     0 | Abyss:1  | dolemite99 the Hill Orc Abyssal Knight began the quest for
                  | the Orb.
     0 | Abyss:1  | Reached XP level 1. HP: 19/19 MP: 2/2
     5 | D:1      | Escaped the Abyss
   147 | D:1      | Reached skill level 3 in Axes
   332 | D:1      | Reached XP level 2. HP: 22/26 MP: 3/3
   748 | D:1      | Reached skill level 4 in Axes
  1551 | D:2      | HP: 1/26 [adder (3)]
  1552 | D:2      | Succumbed to an adder's poison

Illustrated notes

Levels and vault maps discovered:
D:1:      evilmike_arrival_crescent, layout_loops_corners
D:2:      layout_basic, shapermc_ecumenical_altar_rom_forum, minmay_pentomino_x4

Skill      XL: |  1  2 |
---------------+-------+-----
Axes           | 3 4 |  4.3
Fighting       | |  3.6
Armour         | |  2.1
Dodging        | |  0.7
Invocations    | |  2.4

Action                   || total
-------------------------++-------
Melee: Hand axe          ||    63
  Use: Potion            ||     2
Armor: Leather armour    ||    15
       Chain mail        ||     6
Dodge: Dodged            ||    52

Table legend: (Time is in decaauts)
 A = Elapsed time spent in this place.
 B = Non-inter-level travel time spent in this place.
 C = Inter-level travel time spent in this place.
 D = Time resting spent in this place.
 E = Time spent auto-exploring this place.
 F = Levels seen in this place.
 G = Mean time per level.
                   A        B        C        D        E       F      G
               +--------+--------+--------+--------+--------+-----+--------+
         Total |   1558 |   1528 |     30 |    269 |    992 |   3 |  519.3 |
       Dungeon |   1553 |   1523 |     30 |    269 |    992 |   2 |  776.5 |
         Abyss |      5 |      5 |      0 |      0 |      0 |   1 |    5.0 |
               +--------+--------+--------+--------+--------+-----+--------+

Top non-repeatable levels by time:
     D:1: 1354 daAuts
     D:2: 199 daAuts
 Abyss:1: 5 daAuts
